 Dungeon Crawl Stone Soup version 0.30-a0-847-g17996783a1 (webtiles) character file.

Game seed: 15215419805723358885

98448 Dittersdorf the Warrior (level 16, -3/110 HPs)
             Began as a Gargoyle Fighter on Mar 3, 2023.
             Was a High Priest of Okawaru.
             Shot with an arrow by a tengu warrior (12 damage)
             ... on level 15 of the Dungeon.
             The game lasted 00:53:51 (25608 turns).

Dittersdorf the Warrior (Gargoyle Fighter)         Turns: 25608, Time: 00:53:51

Health: -3/110     AC: 36    Str: 27    XL:     16   Next: 22%
Magic:  0/16       EV: 11    Int: 15    God:    Okawaru [*****.]
Gold:   2930       SH: 21    Dex: 13    Spells: 15/15 levels left

rFire   . . .      SeeInvis .    K - +6 shillelagh "Devastator" {shatter}
rCold   + . .      Faith    .    t - +0 tower shield
rNeg    + + .      Spirit   +    J - +5 scale mail of Vukka {Int+5}
rPois   ∞          Reflect  .    (helmet restricted)
rElec   +          Rampage  .    F - +0 cloak
rCorr   .                        C - +0 pair of gloves
Will    ++...                    f - +0 pair of boots
Stlth   x                          - amulet of guardian spirit
HPRegen 0.38/turn                I - ring "Xoun" {Fly rC+ rN+ Dex+4 Stlth-}
MPRegen 0.15/turn                w - ring of willpower

@: heroic, flying
A: sickness immunity, AC +12, big wings, negative energy resistance 1,
electricity resistance, torment resistance 1, petrification resistance, horns 1,
iridescent scales 1, MP-powered wands
a: Renounce Religion, Heroism, Finesse, Duel


You were on level 15 of the Dungeon.
You worshipped Okawaru.
Okawaru was extremely pleased with you.
You visited 4 branches of the dungeon, and saw 23 of its levels.
You also visited: Bailey and Ice Cave.

You collected 2930 gold pieces.

Inventory:

Hand Weapons
 r - a +3 eveningstar of protection
 K - the +6 shillelagh "Devastator" (weapon) {shatter}
   (Okawaru gifted it to you on level 9 of the Dungeon)
Missiles
 c - a throwing net (quivered)
Armour
 f - a +0 pair of boots (worn)
 t - a +0 tower shield (worn)
 v - a +2 helmet
 B - +0 fire dragon scales
 C - a +0 pair of gloves (worn)
 F - a +0 cloak (worn)
 J - the +5 scale mail of Vukka (worn) {Int+5}
   (Okawaru gifted it to you on level 5 of the Lair of Beasts)

   Int:       It affects your intelligence (+5).
 O - +0 storm dragon scales
Magical Staves
 h - a staff of earth
Jewellery
 d - a ring of ice
 m - an amulet of faith
 w - a ring of willpower (right hand)
 x - an amulet of guardian spirit (around neck)
 H - a ring of fire
 I - the ring "Xoun" (left hand) {Fly rC+ rN+ Dex+4 Stlth-}
   (You found it on level 9 of the Dungeon)

   [ring of protection from cold]

   Dex:       It affects your dexterity (+4).
   rC:        It protects you from cold.
   rN:        It protects you from negative energy.
   Fly:       It grants you flight.
   Stlth:     It makes you less stealthy.
 L - a ring of resist corrosion
Wands
 D - a wand of iceblast (10)
Scrolls
 b - a scroll of silence
 j - 5 scrolls of magic mapping
 k - 2 scrolls of poison
 n - 8 scrolls of fear
 q - 9 scrolls of enchant armour
 s - a scroll of fog
 u - 4 scrolls of blinking
 E - 10 scrolls of teleportation
 M - a scroll of immolation
Potions
 a - 4 potions of resistance
 e - 7 potions of heal wounds
 g - 3 potions of curing
 i - 5 potions of haste
 l - 3 potions of might
 o - 3 potions of berserk rage
 p - 2 potions of magic
 z - 3 potions of brilliance
 A - 4 potions of cancellation
 G - a potion of invisibility
 N - 4 potions of ambrosia


   Skills:
 + Level 16.0(21.0) Fighting
 + Level 14.6(19.6) Maces & Flails
 + Level 16.0(21.0) Armour
 + Level 16.0(21.0) Shields


You had 15 spell levels left.
You didn't know any spells.
Your spell library contained the following spells:

 Spells                   Type           Power      Damage    Failure   Level
 Foxfire                  Conj/Fire      0%         2x1d4     63%         1
 Sandblast                Erth           0%         2d4       63%         1
 Slow                     Hex            0%         N/A       63%         1
 Lesser Beckoning         Tloc           0%         N/A       77%         2
 Passwall                 Tmut/Erth      0%         N/A       77%         2
 Wereblood                Tmut           0%         N/A       77%         2
 Confusing Touch          Hex            0%         N/A       94%         3
 Gell's Gravitas          Tloc           0%         N/A       94%         3
 Hailstorm                Conj/Ice       0%         3d3       94%         3
 Stone Arrow              Conj/Erth      0%         3d7       94%         3
 Teleport Other           Tloc           0%         N/A       94%         3
 Vampiric Draining        Necr           0%         2d6       94%         3
 Flame Wave               Conj/Fire      0%         2d4       100%        4
 Blade Hands              Tmut           0%         N/A       100%        5
 Fireball                 Conj/Fire      0%         3d3       100%        5
 Conjure Ball Lightning   Conj/Air       0%         3x3d6     100%        6
 Dispersal                Tloc           0%         N/A       100%        6
 Iron Shot                Conj/Erth      0%         9d1       100%        6
 Storm Form               Tmut/Air       0%         N/A       100%        7
 Discord                  Hex            0%         N/A       100%        8
 Disjunction              Tloc           0%         N/A       100%        8
 Maxwell's Capacitive Co  Air            0%         ∞         100%        8
 Summon Small Mammal      Summ           Unusable   N/A       N/A         1
 Sublimation of Blood     Necr           Unusable   N/A       N/A         2
 Call Canine Familiar     Summ           Unusable   N/A       N/A         3
 Summon Guardian Golem    Hex/Summ       Unusable   N/A       N/A         3
 Animate Armour           Summ/Erth      Unusable   N/A       N/A         4
 Summon Lightning Spire   Summ/Air       Unusable   N/A       N/A         4
 Summon Hydra             Summ           Unusable   N/A       N/A         7

Dungeon Overview and Level Annotations

Branches:
Dungeon (15/15)            Temple (1/1) D:5            Lair (5/5) D:10
  Swamp (0/4) Lair:3       Spider (0/4) Lair:3        Slime (0/5) Lair:5
    Orc (2/2) D:11            Elf (0/3) Orc:2        Vaults (0/5) D:13
 Bailey (visited)           IceCv (visited)
 Depths: D:15

Altars:
Ashenzari
Cheibriados
Dithmenos
Elyvilon
Fedhas
Gozag
Hepliaklqana
Kikubaaqudgha
Makhleb
Nemelex Xobeh
Okawaru
Qazlal
Ru
Sif Muna
Trog
Uskayaw
Vehumet
Wu Jian
Xom
Yredelemnul
Zin
The Shining One

Shops:
D:8 *   Orc:2 [=(:


Innate Abilities, Weirdness & Mutations

You are immune to sickness and miasma.
Your stone body is resilient. (AC +12)
You are immune to poison.
Your large and strong wings let you fly.
You resist negative energy. (rN+)
You are resistant to electric shocks. (rElec)
You are resistant to unholy torment.
You are immune to petrification.
You have a pair of small horns on your head.
You are partially covered in iridescent scales. (AC +2)
You expend magic power (3 MP) to strengthen your wands.


Message History

The tengu warrior claws you but does no damage.
The centaur warrior shoots an arrow.
The arrow hits you.
You hit the tengu warrior.
The tengu warriors shudder.
Your headbutt misses the tengu warrior.
The tengu warrior is heavily wounded.
The tengu warrior hits you with a +2 dire flail!
You block the tengu warrior's attack.
The tengu warrior claws you but does no damage.
The centaur warrior shoots an arrow.
The arrow hits you but does no damage.
You block the tengu warrior's attack. x2; The tengu warrior barely misses you.
You miss the tengu warrior.
The tengu warrior is heavily wounded.
The centaur warrior shoots an arrow.
The arrow hits you but does no damage.
The tengu warrior hits you but does no damage.
The tengu warrior pecks you but does no damage.
The tengu warrior claws you but does no damage.
You gain the combat prowess of a mighty hero.
The centaur warrior shoots an arrow.
You block the arrow.
The tengu warrior hits you but does no damage.
You block the tengu warrior's attack.
The tengu warrior claws you but does no damage.
You block the tengu warrior's attack.
The tengu warrior pecks you but does no damage.
The tengu warrior claws you but does no damage.
The centaur warrior shoots an arrow.
The arrow hits you but does no damage.
The tengu warrior unwields a +0 long sword.
The tengu warrior wields a +0 longbow.
The tengu warrior shoots an arrow.
The arrow hits you!
* * * LOW HITPOINT WARNING * * *
The centaur warrior shoots an arrow.
The arrow hits you but does no damage.
The tengu warrior unwields a +2 dire flail.
The tengu warrior wields a +0 arbalest.
The tengu warrior shoots a bolt.
You block the bolt.
The centaur warrior shoots an arrow.
The arrow hits you!
* * * LOW HITPOINT WARNING * * *
The tengu warrior shoots an arrow.
You block the arrow.
The tengu warrior shoots a bolt.
The bolt hits you but does no damage.
The centaur warrior shoots an arrow.
You block the arrow.
The tengu warrior shoots an arrow.
The arrow hits you!
You die...

..............#
.#.#...........#
...............#
##.#.#...........###
...........QQ......
#.###..........!#
#...+...........# #
#...#...........# ..
#...#......@....#
#..##...###...c..####
..........'......+
........###...∩..#
#.........+......#
......#.#..........
..###.#<..#.#.......
# # ###...........
.#.#......


You could see 2 tengu warriors and a centaur warrior.

Vanquished Creatures
  Rupert (D:12)
  An orc warlord (Orc:1)
  A very ugly thing (D:13)
  A reaper (IceCv)
  A dire elephant (Lair:5)
  The ghost of demibob the Martial Artist, a journeyman DsWn of Cheibriados (Lair:4)
  4 hydras
  The ghost of joebusybody the Basher, a journeyman MiWn of Trog (D:10)
  Fannar (D:10)
  4 vault guards (D:13)
  Erica (D:8)
  2 catoblepae (Lair:5)
  6 boulder beetles
  3 centaur warriors (D:13)
  8 two-headed ogres
  5 death yaks (Lair:5)
  3 tengu warriors
  A deep troll shaman (Lair:5)
  4 orc high priests
  A shock serpent (D:14)
  2 skysharks (Lair:5)
  5 sixfirhies (D:14)
  The ghost of jimonade the Thaumaturge, a novice DjWr of Makhleb (D:6)
  2 bog bodies (Lair:3)
  A lindwurm (Lair:5)
  5 orc knights (Orc:2)
  3 manticores
  4 deep elf pyromancers
  2 ugly things (D:13)
  5 orc sorcerers
  An oklob plant (Lair:3)
  3 cyclopes
  3 black mambas
  21 elephants
  2 ice statues (IceCv)
  Joseph (Lair:1)
  8 cane toads
  3 unseen horrors
  6 rime drakes
  5 ice devils (IceCv)
  3 komodo dragons
  A yaktaur (D:13)
  4 anaconda simulacra (IceCv)
  3 kobold demonologists
  A meliai (D:13)
  8 trolls
  2 polar bears
  Prince Ribbit (D:5)
  29 blink frogs
  Grinder (D:6)
  2 raiju (D:14)
  A slime creature (D:13)
  2 wyverns
  5 water elementals
  2 wraiths
  2 shadows
  5 spriggans (Bailey)
  A dire elephant simulacrum (IceCv)
  A basilisk (Lair:5)
  39 yaks
  8 humans (D:13)
  4 steam dragons
  4 vampire mosquitoes (D:13)
  A harpy simulacrum (IceCv)
  19 water moccasins
  3 acid dragons
  3 wargs (Orc:1)
  Duvessa (D:5)
  4 hydra simulacra (IceCv)
  25 orc warriors
  4 black bears
  An ice beast (D:6)
  2 sky beasts
  A black bear (shapeshifter) (D:14)
  16 wolves
  15 ogres
  16 centaurs
  Blork the orc (D:4)
  10 bullfrogs
  4 gnoll sergeants
  2 cane toad simulacra (IceCv)
  3 scorpions
  11 wights
  Dowan (D:5)
  19 killer bees
  5 spriggan skeletons (D:14)
  A troll skeleton (D:14)
  13 electric eels
  7 howler monkeys
  A lava snake (D:9)
  3 jellies
  8 hounds
  16 orc priests
  Crazy Yiuf (D:5)
  An iron imp (D:5)
  Jessica (D:3)
  6 iguanas
  4 sleepcaps
  28 orc wizards
  6 hell rats (Lair:2)
  A polar bear simulacrum (IceCv)
  A spriggan simulacrum (IceCv)
  A troll simulacrum (IceCv)
  13 gnolls
  10 adders
  A naga simulacrum (IceCv)
  5 white imps
  An ufetubus (D:7)
  2 dart slugs (D:4)
  60 orcs
  4 ball pythons
  7 bats
  7 endoplasms
  2 giant cockroaches
  3 goblins
  5 hobgoblins
  5 quokkas
  A frilled lizard (D:2)
  8 kobolds
  7 rats
  A bush (Lair:3)
670 creatures vanquished.

Vanquished Creatures (others)
  3 orc wizards
  23 fungi
  65 plants
91 creatures vanquished.

Grand Total: 761 creatures vanquished

Notes
Turn   | Place    | Note
-------+----------+-------------------------------------------
     0 | D:1      | Dittersdorf the Gargoyle Fighter began the quest for the
                  | Orb.
     0 | D:1      | Reached XP level 1. HP: 14/14 MP: 1/1
    92 | D:1      | Reached XP level 2. HP: 19/19 MP: 2/2
   634 | D:2      | Reached XP level 3. HP: 23/23 MP: 3/3
  1045 | D:2      | Reached XP level 4. HP: 29/29 MP: 4/4
  1116 | D:3      | Noticed Jessica
  1122 | D:3      | Killed Jessica
  1261 | D:3      | Reached XP level 5. HP: 31/33 MP: 5/5
  1292 | D:3      | Noticed a shining eye
  1437 | D:3      | Found a faded altar of an unknown god.
  1440 | D:3      | Noticed a golden eye
  1440 | D:3      | Noticed an eye of devastation
  1440 | D:3      | Noticed a floating eye
  2295 | D:3      | Found a shimmering altar of Xom.
  2469 | D:4      | Found a stormy altar of Qazlal.
  2471 | D:4      | Noticed a fire elemental
  2472 | D:4      | Noticed a water elemental
  2472 | D:4      | Noticed an air elemental
  2493 | D:4      | Found a white marble altar of Elyvilon.
  2597 | D:4      | Reached XP level 6. HP: 39/39 MP: 6/6
  3061 | D:4      | Reached skill level 5 in Shields
  3088 | D:4      | Found a glowing silver altar of Zin.
  3113 | D:4      | Noticed a black bear
  3139 | D:4      | Killed a black bear
  3140 | D:4      | Reached skill level 5 in Fighting
  3140 | D:4      | Reached skill level 5 in Armour
  3140 | D:4      | Reached XP level 7. HP: 25/44 MP: 4/7
  3385 | D:5      | Entered Level 5 of the Dungeon
  3410 | D:5      | Found an ornate altar of the Wu Jian Council.
  3452 | D:5      | Found a runed translucent door.
  3453 | D:5      | Noticed Crazy Yiuf
  3486 | D:5      | Found a staircase to the Ecumenical Temple.
  3495 | Temple   | Entered the Ecumenical Temple
  3505 | Temple   | Became a worshipper of Warmaster Okawaru
  3812 | D:5      | Noticed Duvessa
  3813 | D:5      | Noticed Dowan
  3837 | D:5      | HP: 2/44 [Duvessa/+0 short sword (6)]
  4007 | D:5      | Killed Duvessa
  4011 | D:5      | Killed Dowan
  4055 | D:5      | Found a snail-covered altar of Cheibriados.
  4140 | D:5      | Reached * piety under Okawaru
  4194 | D:5      | Noticed Prince Ribbit
  4199 | D:5      | Reached XP level 8. HP: 49/51 MP: 6/8
  4222 | D:5      | Killed Prince Ribbit
  4223 | D:5      | Reached skill level 5 in Maces & Flails
  4343 | D:5      | Noticed Blork the orc
  4365 | D:4      | Killed Blork the orc
  4662 | D:5      | Killed Crazy Yiuf
  4760 | D:6      | Got Sif Muna's Notes on the Frozen Coals
  4815 | D:6      | Noticed Grinder
  4824 | D:6      | Paralysed by Grinder for 5 turns
  4847 | D:6      | Reached ** piety under Okawaru
  4867 | D:6      | Killed Grinder
  5201 | D:6      | Reached XP level 9. HP: 56/56 MP: 9/9
  5455 | D:6      | Found a basalt altar of Yredelemnul.
  5486 | D:6      | Found a runed translucent gate.
  5487 | D:6      | Found a runed translucent gate.
  5487 | D:6      | Found a runed translucent gate.
  5714 | D:6      | Noticed jimonade's ghost (novice DjWr)
  6321 | D:7      | Reached *** piety under Okawaru
  6365 | D:7      | Noticed a troll
  6393 | D:7      | Killed a troll
  6421 | D:7      | Found a shimmering altar of Xom.
  6449 | D:7      | Reached XP level 10. HP: 25/64 MP: 3/10
  6698 | D:7      | Found a flagged portal.
  6701 | D:7      | Found a blossoming altar of Fedhas.
  6702 | D:7      | Found a radiant altar of Vehumet.
  6702 | D:7      | Found a shimmering blue altar of Sif Muna.
  6703 | D:7      | Found a sparkling altar of Nemelex Xobeh.
  6707 | Bailey   | Entered a bailey
  6875 | Bailey   | HP: 3/65 [spriggan/arrow (1)]
  6880 | Bailey   | HP: 3/65 [spriggan/+0 spear (2)]
  6884 | Bailey   | Reached **** piety under Okawaru
  7328 | Bailey   | Identified the +1 steam dragon scales "Qeyrhoma" {Str+4}
  7586 | Bailey   | Noticed a two-headed ogre
  7604 | Bailey   | Killed a two-headed ogre
  7670 | Bailey   | Identified the +8 halberd of Extremism {spect, *Noise rF+
                  | Will+ Int+4}
  7750 | D:7      | Found a shadowy altar of Dithmenos.
  7892 | D:7      | Reached ***** piety under Okawaru
  7895 | D:7      | Found a bloodstained altar of Trog.
  8188 | D:8      | Found Archonas's General Store.
  8548 | D:8      | Reached XP level 11. HP: 37/71 MP: 6/11
  9042 | D:8      | Noticed Erica
  9056 | D:8      | Killed Erica
  9057 | D:8      | Reached skill level 10 in Fighting
  9057 | D:8      | Reached skill level 10 in Armour
  9057 | D:8      | Reached skill level 10 in Shields
  9792 | D:9      | Identified the ring "Xoun" {Fly rC+ rN+ Dex+4 Stlth-}
 10028 | D:9      | Found a hazy altar of Hepliaklqana.
 10029 | D:9      | Found a broken altar of Ashenzari.
 10053 | D:9      | Noticed a two-headed ogre
 10056 | D:9      | Received a gift from Okawaru
 10073 | D:9      | Killed a two-headed ogre
 10732 | D:10     | Entered Level 10 of the Dungeon
 10774 | D:10     | Found a large runed translucent door.
 10774 | D:10     | Found a large runed translucent door.
 10775 | D:10     | Noticed joebusybody's ghost (journeyman MiWn)
 10846 | D:10     | Identified the +4 ring mail of Roryff {rPois}
 11282 | D:9      | Received a gift from Okawaru
 11282 | D:9      | Found the +6 shillelagh "Devastator" {shatter}
 11407 | D:10     | Found a transporter.
 11409 | D:10     | Found a transporter.
 11409 | D:10     | Noticed a boulder beetle
 11423 | D:10     | Found a staircase to the Lair.
 11570 | D:10     | Identified the +7 sling of Joicveq {antimagic, rF+ rC+
                  | Dex+4}
 11572 | D:10     | Found an ancient bone altar of Kikubaaqudgha.
 11597 | D:10     | Reached XP level 12. HP: 33/80 MP: 5/12
 12158 | D:10     | Noticed Fannar
 12159 | D:10     | Noticed a two-headed ogre
 12174 | D:10     | Killed a two-headed ogre
 12175 | D:10     | Reached skill level 10 in Maces & Flails
 12184 | D:10     | Killed Fannar
 12546 | D:6      | Killed jimonade's ghost
 12707 | D:10     | Killed joebusybody's ghost
 12875 | D:10     | Killed a boulder beetle
 12909 | Lair:1   | Entered Level 1 of the Lair of Beasts
 13092 | Lair:1   | Noticed Joseph
 13101 | Lair:1   | Killed Joseph
 13548 | Lair:2   | Reached ****** piety under Okawaru
 13548 | Lair:2   | Identified the +2 plate armour of Liberty {Harm rF++}
                  | (Okawaru gifted it to you on level 2 of the Lair of Beasts)
 13548 | Lair:2   | Received a gift from Okawaru
 14310 | Lair:3   | Reached XP level 13. HP: 68/86 MP: 9/13
 14322 | Lair:3   | Found a frozen archway.
 14329 | IceCv    | Entered an ice cave
 14695 | IceCv    | Noticed a reaper
 14701 | IceCv    | Killed a reaper
 15076 | Lair:3   | Found a staircase to the Swamp.
 15222 | Lair:3   | Found a hole to the Spider Nest.
 15364 | Lair:3   | Received a gift from Okawaru
 16258 | Lair:4   | Identified the +1 leather armour "Olotucan" {Slay+2}
 16594 | Lair:4   | Found a transporter.
 16599 | Lair:4   | Found a transporter.
 16637 | Lair:4   | Received a gift from Okawaru
 16640 | Lair:4   | Noticed demibob's ghost (journeyman DsWn)
 17588 | Lair:4   | Killed demibob's ghost
 17642 | Lair:4   | Identified the +1 sling of Quakox {speed, Str+2 Int+2 SInv
                  | Stlth-}
 17712 | Lair:5   | Entered Level 5 of the Lair of Beasts
 17734 | Lair:5   | Gained mutation: Your large and strong wings let you fly.
                  | [Gargoyle growth]
 17734 | Lair:5   | Reached XP level 14. HP: 74/94 MP: 10/14
 18249 | Lair:5   | Identified the +5 scale mail of Vukka {Int+5} (Okawaru
                  | gifted it to you on level 5 of the Lair of Beasts)
 18249 | Lair:5   | Received a gift from Okawaru
 18418 | Lair:5   | Identified the ring of the Hippo {Fly rPois Str+4}
 18753 | Lair:5   | Noticed a dire elephant
 18769 | Lair:5   | Killed a dire elephant
 19084 | Lair:5   | Found a staircase to the Slime Pits.
 19581 | D:11     | Found a staircase to the Orcish Mines.
 19735 | D:11     | Identified the +0 buckler of the Shoals {-Tele rCorr Int+5}
                  | (Okawaru gifted it to you on level 11 of the Dungeon)
 19735 | D:11     | Received a gift from Okawaru
 20313 | Orc:1    | Entered Level 1 of the Orcish Mines
 20321 | Orc:1    | Reached XP level 15. HP: 101/101 MP: 15/15
 20479 | Orc:1    | Noticed an orc warlord
 20536 | Orc:1    | Killed an orc warlord
 20715 | Orc:2    | Entered Level 2 of the Orcish Mines
 20792 | Orc:2    | Found Xufotaz's Armour Emporium.
 20797 | Orc:2    | Gained mutation: You sometimes lose your temper in combat.
                  | [a neqoxec]
 20846 | Orc:2    | Reached skill level 15 in Fighting
 21056 | Orc:2    | Reached skill level 15 in Armour
 21056 | Orc:2    | Reached skill level 15 in Shields
 21125 | Orc:1    | Lost mutation: You sometimes lose your temper in combat.
                  | [potion of mutation]
 21125 | Orc:1    | Gained mutation: You are dopey. (Int -2) [potion of
                  | mutation]
 21125 | Orc:1    | Gained mutation: Your magical capacity is low. (-10% MP)
                  | [potion of mutation]
 21125 | Orc:1    | Gained mutation: You have a pair of small horns on your
                  | head. [potion of mutation]
 21126 | Orc:1    | Lost mutation: Your magical capacity is low. (-10% MP)
                  | [potion of mutation]
 21126 | Orc:1    | Lost mutation: You are dopey. (Int -2) [potion of mutation]
 21126 | Orc:1    | Lost mutation: You have a pair of small horns on your head.
                  | [potion of mutation]
 21126 | Orc:1    | Gained mutation: You sometimes lose your temper in combat.
                  | [potion of mutation]
 21126 | Orc:1    | Gained mutation: You are weak. (Str -2) [potion of
                  | mutation]
 21126 | Orc:1    | Gained mutation: You are partially covered in iridescent
                  | scales. (AC +2) [potion of mutation]
 21127 | Orc:1    | Lost mutation: You sometimes lose your temper in combat.
                  | [potion of mutation]
 21127 | Orc:1    | Lost mutation: You are partially covered in iridescent
                  | scales. (AC +2) [potion of mutation]
 21127 | Orc:1    | Lost mutation: You are weak. (Str -2) [potion of mutation]
 21127 | Orc:1    | Gained mutation: You are partially covered in iridescent
                  | scales. (AC +2) [potion of mutation]
 21127 | Orc:1    | Gained mutation: You have a pair of small horns on your
                  | head. [potion of mutation]
 21127 | Orc:1    | Gained mutation: You expend magic power (3 MP) to
                  | strengthen your wands. [potion of mutation]
 21159 | Orc:1    | Found a burning altar of Makhleb.
 21314 | Orc:2    | Found a staircase to the Elven Halls.
 21469 | Orc:2    | Found Nukas's Weapon Boutique.
 21474 | Orc:2    | Found Lac Ixics's Book Boutique.
 22030 | Orc:2    | Found Vucvumawn's Jewellery Emporium.
 22306 | D:12     | Noticed Rupert
 22320 | D:12     | Killed Rupert
 22693 | D:12     | Found a sparkling altar of Nemelex Xobeh.
 22903 | D:12     | Identified the +6 falchion of the Trees {flame, MP+9
                  | Stlth+}
 23028 | D:12     | Received a gift from Okawaru
 23472 | D:13     | Found a gate to the Vaults.
 23841 | D:13     | Identified the +0 ring mail of Doucik {*Corrode rPois Str+6
                  | Stlth+} (Okawaru gifted it to you on level 13 of the
                  | Dungeon)
 23841 | D:13     | Received a gift from Okawaru
 24570 | D:14     | Reached XP level 16. HP: 110/110 MP: 16/16
 24860 | D:14     | Found the +8 arc blade {discharge, rElec}
 25585 | D:15     | Entered Level 15 of the Dungeon
 25608 | D:15     | Shot with an arrow by a tengu warrior

Illustrated notes

Levels and vault maps discovered:
D:1:      saegor_arrival_fortress, layout_rooms, minmay_small_reverse_x
D:2:      layout_basic
D:3:      layout_basic, mainiacjoe_overflow_alcove_2,
          hellmonk_ecumenical_altar_watching_god, cheibrodos_gnoll_hut,
          uniq_jessica
D:4:      layout_loops_ring, nicolae_qazlal_style_of_elements,
          mainiacjoe_overflow_tiny_flanked, kennysheep_mini_moat
D:5:      layout_cave_pools, slow_altar_1, mainiacjoe_overflow_six_doors_small,
          minmay_temple_entry_slanted, uniq_duvessa, uniq_blork_the_orc,
          uniq_crazy_yiuf_cottage, uniq_prince_ribbit1
D:6:      layout_basic, overflow_temple_1_default, ebering_ghost_rock_garden,
          uniq_grinder
D:7:      layout_loops_cross, grunt_dithmenos_smoke_and_mirrors,
          mainiacjoe_overflow_boulevard,
          chequers_temple_overflow_statue_of_worship, enter_bailey_2,
          minmay_misc_feat_chi, minmay_misc_feat_ornament, minmay_ruined_shrine
D:8:      layout_loops_ring, serial_shops, nicolae_shop_hallway_stairs,
          uniq_erica
D:9:      layout_loops_cross, nicolae_overflow_two_pavilions,
          minmay_tree_intersection
D:10:     gammafunk_boulding_lane, layout_long_grid,
          nicolae_kikubaaqudgha_miasma_corner, erik_lair_island,
          ebering_ghost_disaster_area, uniq_fannar
D:11:     layout_irregular_city, orc_0_dummy
D:12:     layout_long_grid, nemelex_spade_bored_becter, uniq_rupert
D:13:     four-leaf_vault, layout_stronghold, ximxim_vaults_locker_room,
          kennysheep_boxes
D:14:     minmay_shoctagon, layout_basic, corexii_hall_statues_t,
          hangedman_tell_no_tales
D:15:     gammafunk_enter_depths_forms, layout_basic, chequers_jeans,
          serial_glass, glass_columns_a, glass_columns_c, glass_columns_a,
          glass_columns_a, glass_columns_a, glass_columns_a, abandoned_shop,
          hangedman_weighted_door, library_closet, abandoned_shop,
          lightli_fourway_metalbox
Temple:   nicolae_temple_bog_church
Lair:1:   layout_chaotic_city, uniq_joseph
Lair:2:   layout_chaotic_city, serial_bayou_shore_a
Lair:3:   layout_gridlike, skrybe_swamp_entry_bodies, dummy_spider_entry,
          portal_ice_cave_entry_pillars_1, st_stairs_6, minmay_lair_oklob_bushes
Lair:4:   layout_cellular_growth, nzn_ghost_randoct, serial_bayou,
          serial_bayou_pond_a, serial_bayou_pond_c, serial_bayou_pond_a,
          serial_bayou_lagoon_a
Lair:5:   grunt_lair_end_beastmaster, layout_gridlike,
          minmay_slime_entry_pillars, serial_bayou_pond_d, serial_bayou_pond_c
Orc:1:    layout_caves, basic_altar, statue_in_the_mist_lemuel
Orc:2:    st_orc_elflike, layout_diamond_mine, mines2_lemuel

Skill      XL: |  1  2  3  4  5  6  7  8  9 10 11 12 13 14 15 16 |
---------------+-------------------------------------------------+-----
Fighting       | 4 5 6 8 9 11 12 13 14 15 16 | 16.0
Armour         | 4 5 6 8 9 11 12 13 14 15 16 | 16.0
Shields        | 4 5 6 8 9 10 12 13 14 15 16 | 16.0
Maces & Flails | 3 4 5 7 8 9 11 12 13 14 | 14.6

Action                     |  1- 3 |  4- 6 |  7- 9 | 10-12 | 13-15 | 16-18 || total
---------------------------+-------+-------+-------+-------+-------+-------++-------
  Melee: Flail             |    88 |   142 |   381 |   575 |       |       ||  1186
         Shillelagh        |       |       |       |   232 |  1013 |    78 ||  1323
         Headbutt          |       |       |       |       |    54 |    15 ||    69
  Throw: Throwing net      |       |       |       |       |     1 |       ||     1
 Invoke: Heroism           |       |       |     3 |     8 |    10 |     1 ||    22
    Use: Scroll            |       |     6 |     3 |    18 |     9 |       ||    36
         Potion            |       |       |     2 |     3 |    14 |       ||    19
   Stab: Petrifying        |       |       |       |       |     1 |       ||     1
         Petrified         |       |       |       |       |     1 |       ||     1
 Armour: Scale mail        |    46 |    95 |   280 |   473 |   488 |    69 ||  1451
         Skin              |       |       |       |     8 |       |       ||     8
  Dodge: Dodged            |    40 |    69 |   198 |   299 |   182 |    25 ||   813
  Block: Buckler           |    18 |    53 |    96 |   220 |       |       ||   387
         Kite shield       |       |       |       |    79 |    99 |       ||   178
         Tower shield      |       |       |       |       |   582 |    80 ||   662

Table legend: (Time is in decaauts)
 A = Elapsed time spent in this place.
 B = Non-inter-level travel time spent in this place.
 C = Inter-level travel time spent in this place.
 D = Time resting spent in this place.
 E = Time spent auto-exploring this place.
 F = Levels seen in this place.
 G = Mean time per level.
                   A        B        C        D        E       F      G
               +--------+--------+--------+--------+--------+-----+--------+
         Total |  25558 |  24257 |   1301 |   5128 |  13104 |  25 | 1022.3 |
       Dungeon |  16114 |  15124 |    990 |   2755 |   8716 |  15 | 1074.3 |
        Temple |    287 |    278 |      9 |    233 |      0 |   1 |  287.0 |
          Lair |   5894 |   5649 |    245 |    843 |   3510 |   5 | 1178.8 |
  Orcish Mines |   1823 |   1767 |     56 |    462 |    878 |   2 |  911.5 |
        Bailey |   1020 |   1020 |      0 |    720 |      0 |   1 | 1020.0 |
      Ice Cave |    417 |    417 |      0 |    115 |      0 |   1 |  417.0 |
               +--------+--------+--------+--------+--------+-----+--------+

Top non-repeatable levels by time:
     D:6: 1653 daAuts
    D:10: 1595 daAuts
  Lair:3: 1506 daAuts
  Lair:5: 1504 daAuts
     D:9: 1492 daAuts
  Lair:4: 1466 daAuts
    D:13: 1465 daAuts
     D:8: 1350 daAuts
     D:3: 1279 daAuts
     D:4: 1244 daAuts
     D:7: 1138 daAuts
  Bailey: 1020 daAuts
    D:14: 999 daAuts
    D:11: 986 daAuts
   Orc:2: 960 daAuts
